 Dungeon Crawl Stone Soup version 0.31-a0-430-gf8416d752b (webtiles) character file.

Game seed: 4780486033420498291

385 Bnni the Digger (level 7, -7/52 HPs)
             Began as a Formicid Earth Elementalist on July 30, 2023.
             Killed by divine providence
             ... invoked by an orc priest
              (16 damage)
             ... on level 4 of the Dungeon.
             The game lasted 00:04:22 (3015 turns).

Bnni the Digger (Formicid Earth Elementalist)       Turns: 3015, Time: 00:04:24

Health: -7/52      AC:  3    Str: 12    XL:     7   Next: 6%
Magic:  11/12      EV: 11    Int: 17    God:
Gold:   57         SH:  4    Dex: 14    Spells: 10/13 levels left

rFire   . . .        e - +2 dagger (venom)
rCold   . . .        x - +0 buckler
rNeg    . . .        k - +0 leather armour
rPois   .            (helmet unavailable)
rElec   .            (no cloak)
rCorr   .            (no gloves)
SInv    +            (no boots)
Will    .....        (no amulet)
Stlth   ++           (no ring)
HPRegen 0.28/turn    (no ring)
MPRegen 0.13/turn

%: no passive effects
@: no status effects
A: permanent stasis, dig shafts and tunnels, antennae 3, four strong arms
a: Dig, Shaft Self


You were on level 4 of the Dungeon.
You visited 1 branch of the dungeon, and saw 5 of its levels.

You collected 133 gold pieces.
You spent 76 gold pieces at shops.

Inventory:

Hand Weapons
 e - a +2 dagger of venom (weapon)
Armour
 a - a +0 robe
 k - a +0 leather armour (worn)
 n - a +0 scale mail
 q - a +0 ring mail
 t - a +0 chain mail
 v - a +0 plate armour
 x - a +0 buckler (worn)
Jewellery
 s - a ring of ice
Wands
 u - a wand of mindburst (9)
 w - a wand of iceblast (13)
Scrolls
 f - 4 scrolls of teleportation {unknown}
 g - a scroll of enchant weapon {unknown}
 i - 3 scrolls of identify {unknown}
 j - a scroll of immolation {unknown}
 o - a scroll of enchant armour {unknown}
 y - a scroll of amnesia {unknown}
 A - a scroll of vulnerability {unknown}
Potions
 b - a potion of magic
 c - 2 potions of invisibility {unknown}
 d - a potion of degeneration {unknown}
 h - a potion of cancellation {unknown}
 l - a potion of ambrosia {unknown}
 m - a potion of attraction {unknown}
 p - a potion of might {unknown}
 r - a potion of curing {unknown}
 z - a potion of mutation {unknown}


   Skills:
 + Level 3.1 Fighting
 + Level 0.3 Armour
 - Level 1.7 Dodging
 - Level 2.4 Stealth
 + Level 3.6 Spellcasting
 - Level 3.0 Transmutations
 * Level 6.3 Earth Magic


You had 10 spell levels left.
You knew the following spells:

 Your Spells              Type           Power      Damage    Failure   Level
a - Sandblast             Erth           48%        2d12      2%          1
b - Passwall              Tmut/Erth      15%        N/A       7%          2

Your spell library contained the following spells:

 Spells                   Type           Power      Damage    Failure   Level
 Wereblood                Tmut           13%        N/A       14%         2
 Stone Arrow              Conj/Erth      26%        3d8       26%         3
 Foxfire                  Conj/Fire      12%        2x1d4     32%         1
 Petrify                  Tmut/Erth      19%        N/A       41%         4
 Ensorcelled Hibernation  Hex/Ice        6%         N/A       43%         2
 Irradiate                Conj/Tmut      4%         3d13      99%         5
 Plasma Beam              Fire/Air       1%         2x1d11    100%        6
 Starburst                Conj/Fire      1%         6d3       100%        6
 Swiftness                Air            Unusable   N/A       N/A         3

Dungeon Overview and Level Annotations

Branches:
Dungeon (5/15)
 Temple: D:4-7

Altars:

Shops:
D:2 *   D:4 (


Innate Abilities, Weirdness & Mutations

You cannot be hasted, slowed, berserked, paralysed or teleported.
You can dig through walls and to a lower floor.
You have a pair of large antennae on your head. (SInv)
Your four strong arms can wield two-handed weapons with a shield.


Message History

The blast of sand hits the dart slug!
You kill the dart slug!
Unknown command.
Aiming: Sandblast (safe; 2% risk of failure)
Press: ? - help, Q - select action, (/) - cycle Shift-Dir - straight line, f - you
Okay, then.
The orc priest attacks as you move away!
The orc priest hits you with a +0 club.
The orc priest attacks as you move away!
The orc priest hits you with a +0 club.
There is a stone staircase leading up here.
The orc priest hits you with a +0 club.
You climb upwards.
There is a stone staircase leading down here.
You hit the orc priest but do no damage.
The orc priest is poisoned.
The orc priest looks braver for a moment.
You hit the orc priest but do no damage.
The orc priest looks as sick as possible!
The orc priest is lightly wounded.
The orc priest mumbles some strange prayers to Beogh against you.
Beogh smites you!
You are too injured to fight recklessly!
You are too injured to fight recklessly!
You are too injured to fight recklessly!
You closely miss the orc priest.
The orc priest is moderately wounded.
The orc priest mumbles some strange prayers to Beogh against you.
Pain shoots through your body!
Aiming: Sandblast (safe; 2% risk of failure)
Press: ? - help, Q - select action, (/) - cycle Shift-Dir - straight line, f - orc priest
Aim: an orc priest, wielding a +0 club and wearing a +0 ring mail (moderately wounded, extremely poisoned, 85% to hit)
The blast of sand hits the orc priest.
The orc priest is severely wounded.
The orc priest invokes the aid of Beogh against you.
Beogh smites you!
* * * LOW HITPOINT WARNING * * *
The orc priest invokes the aid of Beogh against you.
Beogh smites you!
You die...

....................#.##.........
#......#####......###.#..........
....##.## ##......#..............
#...##..###...###......#.........
#...###..##...##...#.............
#....................##..........
....##.>.............#####......#
.................#..## ######..
..####..........@#...### ##.
.......#.......o.......#### ##..
........#####.......#.....####...
.....##..####....#...####..##....
....####..##.........## ##.##....
.#...# ##..#.#....#...####.......
###..# ##.......).#......####...
###..######......#.........###...
............##...##.........#....


You could see an orc priest (extremely poisoned).

Vanquished Creatures
  3 scorpions (D:4)
  2 jellies
  An iguana (D:4)
  5 adders
  A white imp (D:4)
  An ufetubus (D:4)
  2 worms (D:3)
  4 dart slugs
  4 orcs
  2 endoplasms
  5 giant cockroaches
  4 goblins
  5 hobgoblins
  5 kobolds
  A quokka (D:5)
  5 ball pythons
  5 bats
  A frilled lizard (D:3)
  3 rats
59 creatures vanquished.

Notes
Turn   | Place    | Note
-------+----------+-------------------------------------------
     0 | D:1      | Bnni the Formicid Earth Elementalist began the quest for
                  | the Orb.
     0 | D:1      | Reached XP level 1. HP: 13/13 MP: 3/3
   574 | D:1      | Reached XP level 2. HP: 17/20 MP: 5/5
   712 | D:1      | Reached skill level 4 in Earth Magic
  1045 | D:2      | Found Boirr's Assorted Antiques.
  1124 | D:2      | Learned a level 2 spell: Passwall
  1441 | D:3      | Reached skill level 1 in Fighting
  1441 | D:3      | Reached XP level 3. HP: 26/26 MP: 1/6
  1571 | D:3      | Reached XP level 4. HP: 32/32 MP: 4/7
  2042 | D:4      | Noticed a scorpion
  2047 | D:4      | Killed a scorpion
  2048 | D:4      | Reached skill level 5 in Earth Magic
  2048 | D:4      | Reached XP level 5. HP: 30/38 MP: 6/9
  2142 | D:4      | Found Omaovud's Weapon Shoppe.
  2160 | D:4      | Reached XP level 6. HP: 12/46 MP: 5/10
  2202 | D:2      | Bought a buckler for 76 gold pieces
  2641 | D:4      | Reached skill level 6 in Earth Magic
  2821 | D:5      | Entered Level 5 of the Dungeon
  2928 | D:5      | Reached XP level 7. HP: 44/52 MP: 9/12
  3015 | D:4      | Killed from afar by an orc priest

Illustrated notes

Levels and vault maps discovered:
D:1:      eino_arrival_water_cross, layout_basic, minmay_door_square
D:2:      layout_rooms, serial_shops, shop, guppyfry_early_lair_pool
D:3:      cheibrodos_helix_gallery, layout_rooms
D:4:      layout_rooms, serial_shops, shop
D:5:      layout_basic, minmay_liquid_box

Skill      XL: |  1  2  3  4  5  6 |
---------------+-------------------+-----
Earth Magic    | 4 5 6 |  6.3
Fighting       | 1 2 3 |  3.1
Transmutations | 2 3 |  3.0
Spellcasting   | 3 |  3.6
Armour         | |  0.3
Dodging        | |  1.7
Stealth        | |  2.4

Action                     |  1- 3 |  4- 6 |  7- 9 || total
---------------------------+-------+-------+-------++-------
  Melee: Dagger            |    36 |    28 |     3 ||    67
         Unarmed           |     8 |       |       ||     8
   Cast: Sandblast         |    14 |    46 |     2 ||    62
   Stab: Sleeping          |     2 |     1 |       ||     3
 Armour: Robe              |     4 |       |       ||     4
         Leather armour    |     4 |    10 |       ||    14
  Dodge: Dodged            |    23 |    47 |       ||    70
  Block: Buckler           |       |     1 |       ||     1

Table legend: (Time is in decaauts)
 A = Elapsed time spent in this place.
 B = Non-inter-level travel time spent in this place.
 C = Inter-level travel time spent in this place.
 D = Time resting spent in this place.
 E = Time spent auto-exploring this place.
 F = Levels seen in this place.
 G = Mean time per level.
                   A        B        C        D        E       F      G
               +--------+--------+--------+--------+--------+-----+--------+
         Total |   3048 |   2874 |    174 |    160 |   2207 |   5 |  609.6 |
       Dungeon |   3048 |   2874 |    174 |    160 |   2207 |   5 |  609.6 |
               +--------+--------+--------+--------+--------+-----+--------+

Top non-repeatable levels by time:
     D:1: 1048 daAuts
     D:4: 794 daAuts
     D:3: 525 daAuts
     D:2: 489 daAuts
     D:5: 192 daAuts
